Construct Light Support Kompanie
Construct Panzerarmee Kommand
Selects Battlefield Espionage Battlegroup
Selects Intel Disruption Beacon
Selects 250/3 Funkpanzerwagen
Selects Anti-Tank Incendiary Munitions
Walking Stuka Rocket Launcher
Selects Operation Skorpion
Kradschützen Motorcycle Team
Walking Stuka Rocket Launcher
Kradschützen Motorcycle Team
Pak 38 Anti-tank Gun Team
Kradschützen Motorcycle Team
Pak 38 Anti-tank Gun Team